Map: 2000 애트모스피어 - 래더

Players

iGMacSed (MacSed) - Winner!

  • Race: Protoss Protoss
  • League: Grandmaster

Bunny

  • Race: Terran Terran

Event: DreamHack SC2 Masters Last Chance 2022

VOD

Have the link to the VOD?

Description

Time

  • Played on: Dec. 15, 2021, 4:29 a.m.
  • Length: 16:17

All games in this series

Show
View Real Time Build Order
Export as new Build Order

iGMacSed Protoss - Winner!

Build Orders: 1 Gate Expand, Oracle Opening, Phoenix Opening, Colossus Rush 

Get SALT Encoding   

  12  0:00  Probe  
  13  0:12  Probe  
  14  0:17  Pylon  
  14  0:24  Probe (Chrono Boost)  
  15  0:36  Probe (Chrono Boost)  
  15  0:37  Gateway  
  16  0:44  Probe (Chrono Boost)  
  16  0:45  Assimilator  
  17  0:50  Probe  
  18  1:03  Probe  
  19  1:15  Probe  
  20  1:25  Cybernetics Core  
  20  1:42  Nexus  
  20  1:47  Pylon  
  20  1:51  Probe  
  21  1:57  Assimilator  
  21  2:03  Probe  
  21  2:05  Adept (Chrono Boost)  
  24  2:16  Probe  
  25  2:28  Probe (Chrono Boost)  
  26  2:30  Stargate  
  26  2:35  Adept  
  28  2:40  Probe (Chrono Boost)  
  29  2:46  Probe (Chrono Boost), Warp Gate  
  30  2:54  Probe  
  30  2:55  Gateway  
  30  2:56  Probe  
  32  3:06  Probe  
  32  3:08  Adept  
  32  3:09  Probe  
  36  3:15  Oracle (Chrono Boost)  
  36  3:18  Probe  
  40  3:21  Probe  
  41  3:29  Pylon  
  41  3:30  Probe  
  41  3:33  Probe  
  43  3:37  Assimilator  
  43  3:43  Probe  
  43  3:45  Probe  
  43  3:47  Phoenix  
  47  3:54  Assimilator  
  47  3:55  Probe  
  48  3:57  Probe (Chrono Boost)  
  49  4:05  Robotics Facility  
  49  4:07  Probe (Chrono Boost)  
  51  4:10  Probe (Chrono Boost)  
  51  4:12  Pylon  
  51  4:14  Phoenix  
  54  4:17  Probe (Chrono Boost)  
  54  4:28  Pylon  
  54  4:30  Probe x2  
  56  4:39  Phoenix  
  56  4:42  Probe x2  
  60  4:50  Pylon  
  60  4:52  Robotics Bay  
  60  4:54  Observer (Chrono Boost), Probe x2, Forge  
  60  4:57  Sentry  
  60  4:58  Zealot  
  67  5:03  Pylon  
  67  5:07  Phoenix  
  69  5:17  Gateway  
  69  5:20  Gateway  
  69  5:29  Protoss Ground Weapons Level 1  
  69  5:34  Pylon  
  66  5:36  Colossus (Chrono Boost)  
  66  5:37  Pylon  
  72  5:49  Nexus  
  72  5:51  Extended Thermal Lance  
  72  5:52  Pylon  
  71  6:01  Probe  
  72  6:04  Probe  
  71  6:15  Probe, Shield Battery  
  71  6:16  Colossus (Chrono Boost)  
  71  6:18  Pylon  
  72  6:19  Sentry  
  72  6:21  Zealot x2  
  72  6:23  Probe  
  85  6:28  Phoenix (Chrono Boost)  
  85  6:29  Probe  
  88  6:34  Pylon  
  88  6:35  Probe  
  89  6:43  Zealot x2, Sentry  
  89  6:45  Probe  
  96  6:47  Probe  
  96  6:51  Phoenix (Chrono Boost)  
  99  6:57  Probe  
  99  6:59  Photon Cannon, Probe  
  99  7:01  Probe  
  102  7:05  Colossus  
  108  7:12  Probe  
  108  7:13  Assimilator  
  109  7:16  Phoenix  
  109  7:17  Assimilator  
  109  7:18  Probe x2  
  109  7:22  Shield Battery  
  113  7:25  Photon Cannon  
  113  7:28  Probe  
  114  7:33  Probe  
  113  7:39  Probe  
  113  7:41  Protoss Ground Armor Level 1 (Chrono Boost), Stalker x3  
  113  7:42  Stalker  
  122  7:45  Probe x2  
  122  7:50  Twilight Council  
  125  7:51  Probe  
  125  8:02  Probe  
  118  8:11  Stalker x4  
  111  8:29  Phoenix, Probe  
  108  8:37  Probe x2  
  108  8:40  Assimilator  
  110  8:41  Probe  
  110  8:42  Assimilator  
  110  8:49  Probe  
  110  8:54  Robotics Facility  
  111  8:55  Phoenix (Chrono Boost)  
  111  8:56  Robotics Facility  
  111  8:57  Probe  
  111  9:01  Photon Cannon  
  114  9:04  Photon Cannon  
  116  9:15  Probe  
  115  9:17  Phoenix  
  117  9:24  Gateway, Charge  
  117  9:26  Gateway  
  117  9:27  Gateway  
  117  9:29  Gateway  
  117  9:30  Pylon  
  117  9:32  Pylon  
  117  9:33  Pylon  
  117  9:41  Protoss Ground Weapons Level 2  
  117  9:44  Shield Battery  
  117  9:45  Pylon  
  117  9:48  Immortal, Phoenix (Chrono Boost), Probe x2  
  117  9:50  Immortal  
  129  10:02  Fleet Beacon  
  129  10:04  Phoenix (Chrono Boost), Stargate  
  129  10:06  Protoss Air Weapons Level 1  
  131  10:22  Pylon  
  131  10:26  Disruptor  
  131  10:27  Shield Battery  
  134  10:28  Disruptor  
  134  10:31  Pylon  
  137  10:42  Stalker x6  
  145  10:50  Carrier (Chrono Boost)  
  151  10:59  Zealot x2, Anion Pulse-Crystals (Chrono Boost)  
  153  11:17  Carrier  
  155  11:29  Zealot  
  155  11:37  Disruptor  
  155  11:39  Zealot x2  
  150  11:51  Stalker, Zealot x4  
  150  11:52  Zealot  
  134  11:58  Disruptor (Chrono Boost)  
  134  11:59  Carrier (Chrono Boost)  
  135  12:02  Zealot x2  
  135  12:06  Assimilator  
  135  12:07  Probe x2  
  139  12:14  Zealot x3  
  139  12:15  Zealot  
  147  12:22  Protoss Air Weapons Level 2 (Chrono Boost), Zealot x2  
  141  12:35  Zealot x4  
  141  12:36  Zealot, Probe  
  142  12:58  Stalker x4  
  142  12:59  Stalker, Blink (Chrono Boost)  
  152  13:07  Sentry x2  
  156  13:14  Pylon  
  154  13:27  Nexus  
  152  13:40  Disruptor x2  
  156  13:43  Probe x2  
  156  13:45  Pylon  
  158  13:52  Sentry  
  160  13:57  Stalker  
  160  14:00  Stalker  
  164  14:09  Carrier (Chrono Boost)  
  164  14:17  Observer  
  170  14:30  Shield Battery  
  170  14:31  Pylon  
  170  14:34  Photon Cannon  
  147  15:06  Stalker x8  
  131  15:31  Stalker x6  
  131  15:32  Sentry  
  131  15:33  Sentry  
  109  16:05  Stalker x6  
Show
View Real Time Build Order
Export as new Build Order

Bunny Terran 

Build Orders:  

Get SALT Encoding   

  12  0:00  SCV  
  13  0:12  SCV  
  14  0:17  Supply Depot  
  14  0:24  SCV  
  15  0:38  SCV  
  15  0:40  Barracks  
  16  0:44  Refinery  
  16  0:50  SCV  
  17  1:02  SCV  
  18  1:04  Engineering Bay  
  18  1:14  SCV  
  19  1:28  Barracks Reactor, Orbital Command  
  19  1:36  Supply Depot  
  19  1:53  SCV  
  20  2:03  Command Center  
  20  2:04  Marine x2  
  20  2:08  SCV  
  23  2:15  Factory  
  23  2:20  SCV  
  23  2:22  Marine x2  
  25  2:28  Refinery  
  26  2:32  SCV  
  26  2:35  Supply Depot  
  27  2:40  Marine x2  
  29  2:44  SCV  
  30  2:56  SCV  
  31  2:59  Hellion  
  31  3:00  Starport  
  31  3:04  Marine  
  34  3:08  SCV, Marine  
  36  3:16  Orbital Command  
  36  3:20  Widow Mine  
  36  3:24  SCV  
  39  3:27  Marine x2  
  41  3:36  SCV  
  41  3:37  Medivac  
  44  3:42  Widow Mine, SCV  
  44  3:45  Marine  
  44  3:47  Marine  
  44  3:48  SCV  
  50  3:51  Supply Depot  
  50  3:57  SCV  
  50  4:00  SCV  
  50  4:07  Barracks  
  50  4:09  Barracks  
  50  4:11  SCV  
  50  4:12  SCV  
  50  4:13  Factory Tech Lab  
  50  4:14  Starport Tech Lab  
  51  4:24  SCV x2  
  51  4:27  Marine x2  
  55  4:33  Refinery  
  55  4:36  SCV x2  
  55  4:38  Engineering Bay  
  57  4:39  Supply Depot  
  57  4:41  Factory Reactor  
  57  4:42  Starport Reactor  
  57  4:45  Marine x2  
  59  4:48  SCV  
  59  4:49  SCV  
  59  4:51  Supply Depot  
  61  5:01  SCV x2  
  61  5:02  Stimpack  
  61  5:03  Marine x2  
  61  5:04  Marauder  
  67  5:07  Supply Depot  
  67  5:13  Marauder  
  67  5:14  Terran Infantry Weapons Level 1  
  69  5:15  Supply Depot  
  69  5:17  SCV x2  
  69  5:19  Combat Shield  
  69  5:20  Refinery  
  71  5:22  Medivac  
  71  5:24  Medivac  
  71  5:28  Marine x2  
  76  5:30  Marauder  
  76  5:34  Marauder  
  81  5:37  Widow Mine  
  81  5:38  Widow Mine  
  85  5:46  Marine x2  
  85  5:48  SCV x2  
  89  5:51  Supply Depot x2  
  89  5:55  Medivac x2  
  93  6:03  Marine  
  94  6:08  Marine  
  94  6:10  Marauder  
  93  6:12  Marauder  
  93  6:14  Widow Mine x2  
  93  6:18  SCV x2  
  94  6:21  Supply Depot x2  
  94  6:23  Marine  
  96  6:26  Marine  
  97  6:33  Marauder  
  97  6:34  Marauder  
  97  6:38  Concussive Shells  
  101  6:40  Medivac  
  101  6:41  Medivac  
  101  6:44  Widow Mine  
  101  6:45  Widow Mine  
  101  6:46  Marine  
  101  6:47  Marine  
  110  6:48  SCV x2  
  110  6:53  Supply Depot  
  113  6:58  Marauder x2  
  117  7:04  Marine x2  
  119  7:12  Medivac  
  119  7:13  Medivac  
  123  7:17  Command Center  
  123  7:25  Supply Depot  
  123  7:26  Marauder  
  123  7:27  Marauder, Marine x2  
  129  7:41  Terran Infantry Armor Level 1  
  129  7:42  Viking x2  
  133  7:51  Barracks  
  133  7:52  Marauder, Barracks  
  127  7:59  Marauder, Marine x2  
  127  8:02  Widow Mine  
  127  8:03  Widow Mine  
  122  8:14  Armory  
  120  8:21  Marauder x2  
  120  8:22  Marine x2  
  120  8:26  Viking x2  
  123  8:40  Marine x2  
  123  8:43  Marauder x2  
  123  8:47  Barracks Tech Lab, Barracks Reactor  
  127  8:49  SCV x2  
  127  8:56  Viking x2  
  127  9:00  Ghost Academy  
  127  9:01  Orbital Command  
  131  9:08  Marine x2  
  131  9:09  Marauder x2  
  137  9:12  Marauder  
  137  9:15  SCV x2  
  141  9:26  Supply Depot, SCV, Viking x2  
  141  9:27  Supply Depot, SCV x2  
  148  9:31  Ghost x2  
  148  9:34  Ghost  
  154  9:42  Terran Infantry Weapons Level 2  
  154  9:43  Marine x2  
  154  9:44  Refinery x2, Marine  
  157  9:47  Supply Depot, Marine  
  157  9:50  Missile Turret  
  157  9:51  Supply Depot  
  158  9:55  SCV x3  
  158  9:58  Enhanced Shockwaves  
  161  10:04  Marine x3  
  161  10:05  Marine  
  165  10:11  Marauder x3  
  165  10:12  Medivac  
  173  10:19  Supply Depot  
  173  10:21  Supply Depot, Medivac  
  175  10:33  Marine x2  
  177  10:47  Viking  
  177  10:49  Marauder x3, Marine x2  
  182  10:50  Marine x2  
  182  10:51  Widow Mine x2, Viking  
  190  10:58  Terran Ship Weapons Level 1  
  190  11:03  Barracks  
  190  11:04  Barracks  
  190  11:05  Barracks  
  190  11:09  Marine x2, Ghost x2  
  190  11:10  Marine  
  197  11:25  Ghost  
  183  11:33  Viking x2  
  183  11:38  Ghost x2  
  178  11:53  Ghost  
  153  11:55  Marine x4  
  148  12:03  Viking  
  148  12:05  Viking  
  148  12:06  Ghost  
  154  12:11  Command Center  
  154  12:17  Marauder  
  158  12:23  Marauder  
  143  12:36  Marauder  
  127  12:37  Viking x2  
  127  12:41  Ghost  
  127  12:43  Ghost  
  123  12:47  Starport x2  
  123  12:50  Marine x4  
  127  13:04  Barracks Tech Lab x2, Barracks Reactor  
  127  13:07  Viking x2  
  127  13:10  Marine x4  
  127  13:12  Terran Infantry Armor Level 2  
  135  13:20  Marauder  
  135  13:21  Marauder  
  135  13:23  Planetary Fortress  
  137  13:28  Terran Ship Weapons Level 2  
  137  13:30  Marine  
  137  13:31  Marine x3  
  141  13:39  Viking x2  
  141  13:40  Marine x3  
  144  13:47  Marauder x3  
  144  13:48  Marine  
  151  13:54  Viking  
  153  13:55  Viking  
  153  14:02  Marine x4  
  156  14:03  Marine x2  
  156  14:09  Viking x2  
  165  14:14  Ghost x2  
  169  14:29  Marine x4  
  169  14:30  Marine x2  
  179  14:33  Viking x2  
  179  14:39  Viking  
  143  15:00  Marine x3  
  143  15:01  Marauder  
  143  15:06  Marauder  
  143  15:07  Marauder x2  
  146  15:10  Marine x2  
  138  15:15  Marine  
  116  15:22  Viking x4  
  116  15:23  Ghost  
  116  15:24  Marine x3  
  116  15:25  Marine  
  116  15:28  Marauder x3  
  134  15:32  Marine x2  
  134  15:34  Missile Turret  
  136  15:36  Marine  
  134  15:48  Marine  
  134  15:49  Marine x4  
  126  15:55  Marine x3  

Tags
 
Add a new tag
Caveats
  • Supply blocks, unpowered buildings, or Contaminate may cause inaccurate times.
  • Supply counts are checked every 10 seconds.